 Dungeon Crawl Stone Soup version 0.18.1-50-g88ac8fd (webtiles) character file.

96 Gianozzolo the Changer (level 4, -5/38 HPs)
             Began as a Naga Transmuter on Nov 10, 2017.
             Slain by a gnoll
             ... wielding a +0 spear
              (7 damage)
             ... on level 3 of the Dungeon.
             The game lasted 00:07:20 (2864 turns).

Gianozzolo the Changer (Naga Transmuter)            Turns: 2864, Time: 00:07:21

Health: -5/38      AC:  1    Str: 12    XL:     4   Next: 67%
Magic:  6/7        EV: 10    Int: 14    God:
Gold:   101        SH:  0    Dex: 12    Spells: 2 memorised, 3 levels left

rFire  . . .     SeeInvis +       - Unarmed
rCold  . . .     Gourm    .     (no armour)
rNeg   . . .     Faith    .     (no shield)
rPois  +         Spirit   .     (no helmet)
rElec  .         Dismiss  .     (no cloak)
rCorr  .         Reflect  .     (no gloves)
SustAt .         Harm     .     (no barding)
MR     .....                    (no amulet)
Stlth  +.........               (no ring)
                                (no ring)

@: very slow, not resistant to hostile enchantments, very unstealthy
A: see invisible, deformed body, poison resistance, slowness 2, slow metabolism
1, spit poison 2, AC +1
a: Spit Poison


You were on level 3 of the Dungeon.
You were not hungry.

You visited 1 branch of the dungeon, and saw 3 of its levels.

You collected 101 gold pieces.

Inventory:

Missiles
 a - 12 arrows
Armour
 m - a +0 leather armour
Scrolls
 e - a scroll of noise {unknown}
 g - 3 scrolls of remove curse {unknown}
 h - a scroll of magic mapping {unknown}
 k - a scroll of enchant weapon {unknown}
 l - 4 scrolls of teleportation {unknown}
 n - a scroll of enchant armour {unknown}
 p - a scroll of fog {unknown}
Potions
 j - a potion of agility {unknown}
 o - a potion of brilliance {unknown}
Books
 c - a book of Changes

   Spells                             Type                      Level
   a - Beastly Appendage              Transmutation                1
   b - Sticks to Snakes               Transmutation                2
   c - Spider Form                    Transmutation/Poison         3
   d - Ice Form                       Ice/Transmutation            4
   e - Blade Hands                    Transmutation                5
Comestibles
 b - a chunk of flesh
 d - 2 bread rations
 f - 3 meat rations
 i - a slice of pizza


   Skills:
 - Level 1.0 Fighting
 - Level 1.5 Dodging
 + Level 3.7 Unarmed Combat
 - Level 2.0 Spellcasting
 * Level 3.8 Transmutations
 + Level 1.5 Poison Magic


You had 3 spell levels left.
You knew the following spells:

 Your Spells              Type           Power        Failure   Level  Hunger
a - Beastly Appendage     Trmt           ##....       6%          1    ##.....
b - Spider Form           Trmt/Pois      #.........   24%         3    ####...


Dungeon Overview and Level Annotations

Branches:
Dungeon (3/15)

Altars:
Ashenzari
Dithmenos
Fedhas
Kikubaaqudgha
Pakellas
Ru
Trog
Xom
Zin
The Shining One


Innate Abilities, Weirdness & Mutations

You cannot wear boots.
Your serpentine skin is tough (AC +1).
You have supernaturally acute eyesight.
Armour fits poorly on your strangely shaped body.
Your system is resistant to poisons.
You cover ground very slowly.
You have a slow metabolism.
You can spit poison.


Message History

Things that are here:
a spear; a gnoll corpse You are too injured to fight recklessly!
You are too injured to fight recklessly!
You hit the gnoll.
The gnoll is poisoned.
The gnoll is lightly wounded.
The gnoll hits you with a spear.
* * * LOW HITPOINT WARNING * * *
Your transformation is almost over.
The gnoll hits you from afar with a spear.
* * * LOW HITPOINT WARNING * * *
There is an open door, spattered with blood here.
You see here a flail.
The gnoll completely misses you.
There is an open door here.
You see here a short sword.
Your transformation has ended.
The gnoll looks more healthy.
The gnoll hits you from afar with a spear!
You die...

#......#####.##.....#
##...#.# #.##.....#
###.##.# #.###....#
.......# #.####.#.#
###.#### #........#
###'# ######.###
##...## #.# #.....##
#####.## .......##
##.##@..##
........####.gg.###.#
........).......# #.#
........####....###.#
.......## ##.#....##
#....g## ###.####
##...## #.# ##)## #.#
#)# #.#


You could see 2 gnolls.

Vanquished Creatures
  2 gnolls (D:3)
  An adder (D:3)
  2 worms (D:2)
  2 giant geckos
  5 orcs
  10 bats
  A giant cockroach (D:3)
  8 hobgoblins
  3 kobolds
  8 giant newts
  8 goblins
  7 rats
57 creatures vanquished.

Notes
Turn   | Place    | Note
--------------------------------------------------------------
     0 | D:1      | Gianozzolo the Naga Transmuter began the quest for the Orb.
     0 | D:1      | Reached XP level 1. HP: 18/18 MP: 3/3
   450 | D:1      | Reached XP level 2. HP: 23/25 MP: 3/5
  1276 | D:1      | Reached XP level 3. HP: 20/31 MP: 6/6
  1285 | D:1      | Learned a level 3 spell: Spider Form
  1322 | D:2      | Found a glowing golden altar of the Shining One.
  1504 | D:2      | Found an ancient bone altar of Kikubaaqudgha.
  1508 | D:2      | Found a shadowy altar of Dithmenos.
  1659 | D:2      | Found a shimmering altar of Xom.
  1942 | D:2      | Found an oddly glowing altar of Pakellas.
  1944 | D:2      | Found a bloodstained altar of Trog.
  2204 | D:3      | Reached skill level 1 in Poison Magic
  2239 | D:3      | Reached XP level 4. HP: 38/38 MP: 5/7
  2306 | D:3      | Found a shattered altar of Ashenzari.
  2306 | D:3      | Found a blossoming altar of Fedhas.
  2592 | D:2      | Found a sacrificial altar of Ru.
  2592 | D:2      | Found a glowing silver altar of Zin.
  2851 | D:3      | HP: 1/38 [gnoll/spear (6)]
  2864 | D:3      | Slain by a gnoll

Skill      XL: |  1  2  3 |
---------------+----------+-----
Transmutations | 3 |  3.8
Poison Magic   | 1 |  1.5
Fighting       | |  1.0
Dodging        | |  1.5
Unarmed Combat | |  3.7
Spellcasting   | |  2.0

Action                   |  1- 3 |  4- 6 || total
-------------------------+-------+-------++-------
Melee: Unarmed           |   108 |    48 ||   156
       Headbutt          |     9 |     1 ||    10
       Punch             |     1 |     1 ||     2
 Cast: Beastly Appendage |    28 |     7 ||    35
       Spider Form       |       |     4 ||     4
 Abil: Spit Poison       |    10 |     3 ||    13
  Eat: Chunk             |     4 |     3 ||     7
Armor: Robe              |    32 |    18 ||    50
       Skin              |       |     4 ||     4
Dodge: Dodged            |    67 |    56 ||   123
